 Dungeon Crawl Stone Soup version 0.19-b1-4-gd8a0a2a (webtiles) character file.

183 vev the Sneak (level 5, 0/37 HPs)
             Began as a Spriggan Conjurer on Oct 30, 2016.
             Killed from afar by an orc wizard (8 damage)
             ... with a magic dart
             ... on level 3 of the Dungeon.
             The game lasted 00:17:56 (4301 turns).

vev the Sneak (Spriggan Conjurer)                   Turns: 4301, Time: 00:17:56

Health: 0/37       AC:  3    Str:  9    XL:     5   Next: 35%
Magic:  3/10       EV: 19    Int: 16    God:
Gold:   112        SH:  0    Dex: 18    Spells: 2 memorised, 6 levels left

rFire  . . .     SeeInvis +     h - +0 dagger
rCold  . . .     Gourm    .     a - +0 robe
rNeg   . . .     Faith    .     (shield restricted)
rPois  .         Spirit   .     (helmet restricted)
rElec  .         Reflect  .     q - +0 cloak
rCorr  .         Harm     .     (gloves unavailable)
MR     .....                    (boots unavailable)
Stlth  ..........               p - amulet of rage
                                (no ring)
                                (no ring)

@: berserking, very slightly contaminated, very quick
A: unfitting armour, see invisible, herbivore 3, speed 3, slow metabolism 2
a: Evoke Berserk Rage


You were on level 3 of the Dungeon.
You were not hungry.

You visited 1 branch of the dungeon, and saw 3 of its levels.

You collected 112 gold pieces.

Inventory:

Hand Weapons
 h - a +0 dagger (weapon)
 m - a +0 falchion
Armour
 a - a +0 robe (worn)
 q - a +0 cloak (worn)
Jewellery
 e - an uncursed ring of ice
 p - an amulet of rage (around neck)
Scrolls
 d - 3 scrolls of remove curse
 f - 2 scrolls of teleportation {unknown}
 i - a scroll of enchant armour {unknown}
 l - 2 scrolls of blinking
 o - a scroll of random uselessness {unknown}
 r - a scroll of noise {unknown}
 t - a scroll of recharging {unknown}
Potions
 g - 3 potions of curing
 j - a potion of might {unknown}
 k - a potion of flight {unknown}
 n - a potion of lignification {unknown}
 s - a potion of brilliance {unknown}
Books
 b - a book of Conjurations

   Spells                             Type                      Level
   a - Magic Dart                     Conjuration                  1
   b - Searing Ray                    Conjuration                  2
   c - Dazzling Spray                 Conjuration/Hexes            3
   d - Fulminant Prism                Conjuration/Hexes            4
   e - Iskenderun's Mystic Blast      Conjuration                  4
   f - Iskenderun's Battlesphere      Conjuration/Charms           5
Comestibles
 c - 3 bread rations


   Skills:
 - Level 0.8 Fighting
 + Level 2.9 Short Blades
 + Level 3.9 Dodging
 + Level 4.3 Stealth
 + Level 3.1 Spellcasting
 - Level 3.0 Conjurations
 + Level 3.0 Hexes


You had 6 spell levels left.
You knew the following spells:

 Your Spells              Type           Power        Failure   Level  Hunger
a - Magic Dart            Conj           ##..         8%          1    #......
d - Dazzling Spray        Conj/Hex       ##....       17%         3    ###....


Dungeon Overview and Level Annotations

Branches:
Dungeon (3/15)

Altars:
Makhleb


Innate Abilities, Weirdness & Mutations

You are very small and have problems with some larger weapons.
You are too small for most types of armour.
You have supernaturally acute eyesight. (SInv)
You are a herbivore.
You cover ground extremely quickly.
You need consume almost no food.


Message History

You feel yourself moving faster!
You feel mighty!
You feel a lot more hungry.
The orc wizard mumbles some strange words.
The orc wizard points at you and mumbles some strange words.
The magic dart hits you!
* * * LOW HITPOINT WARNING * * *
You puncture the orc!
You kill the orc!
The orc wizard hits you but does no damage.
You closely miss the orc wizard.
The orc wizard is almost dead.
The orc wizard closely misses you.
You closely miss the orc wizard.
The orc wizard is almost dead.
The orc wizard hits you with a dagger.
* * * LOW HITPOINT WARNING * * *
You barely miss the orc wizard.
The orc wizard is almost dead.
The orc wizard points at you and mumbles some strange words.
The magic dart hits you!
You die...

#####.#######.#
#....!......#.#
##.###.#####.#.# #...<..#
#.#.# # ###########o.....#
#.#.#### ..............)..#
#.#.#...
...........#####.#####.#.#.##
..........).o..#.#.....#.#.##
.........(..@)...............
........###....#.#.....#.#.##
......o.# #....#.#.....#.#.##
....o...# #....#...###.#.#...
........# #....#...# #.#.####
....o...#.'....#...# #.#.#
........#.#...##...###.#.####
..
>.............[..............
o. .........##....#........


You could see an orc wizard.

Vanquished Creatures
  2 orc priests (D:3)
  5 adders
  4 worms
  3 leopard geckos
  5 orcs (D:3)
  4 bats
  3 giant cockroaches
  6 goblins
  9 hobgoblins
  13 kobolds
  3 frilled lizards
  6 rats
63 creatures vanquished.

Notes
Turn   | Place    | Note
-------+----------+-------------------------------------------
     0 | D:1      | vev the Spriggan Conjurer began the quest for the Orb.
     0 | D:1      | Reached XP level 1. HP: 9/9 MP: 5/5
     8 | D:1      | Reached skill level 3 in Conjurations
   125 | D:1      | Reached skill level 3 in Spellcasting
   204 | D:1      | Reached XP level 2. HP: 13/13 MP: 4/7
   312 | D:1      | Reached skill level 1 in Short Blades
  1141 | D:2      | Reached skill level 2 in Short Blades
  1141 | D:2      | Reached XP level 3. HP: 16/16 MP: 3/8
  1288 | D:2      | Learned a level 3 spell: Dazzling Spray
  1339 | D:2      | Found a burning altar of Makhleb.
  2397 | D:2      | Reached skill level 4 in Stealth
  2459 | D:2      | Reached XP level 4. HP: 19/21 MP: 3/9
  3067 | D:3      | Reached skill level 1 in Hexes
  3520 | D:3      | Reached skill level 2 in Hexes
  3635 | D:3      | Reached XP level 5. HP: 16/25 MP: 5/10
  3939 | D:3      | Reached skill level 3 in Hexes
  4301 | D:3      | Killed from afar by an orc wizard

Skill      XL: |  1  2  3  4  5 |
---------------+----------------+-----
Conjurations   | 3 |  3.0
Spellcasting   | 3 |  3.1
Short Blades   | 2 |  2.9
Stealth        | 4 |  4.3
Hexes          | 2 3 |  3.0
Fighting       | |  0.8
Dodging        | |  3.9

Action                   |  1- 3 |  4- 6 || total
-------------------------+-------+-------++-------
Melee: Short sword       |    11 |       ||    11
       Dagger            |    82 |   141 ||   223
 Cast: Magic Dart        |    47 |    31 ||    78
       Dazzling Spray    |     1 |    13 ||    14
 Abil: Evoke Berserk Rag |       |     2 ||     2
  Use: Scroll            |       |     3 ||     3
 Stab: Distracted        |     2 |       ||     2
       Sleeping          |     4 |     1 ||     5
       Invisible         |       |     5 ||     5
  Eat: Bread ration      |       |     1 ||     1
Armor: Robe              |     9 |    13 ||    22
Dodge: Dodged            |    73 |    99 ||   172
